 Dungeon Crawl Stone Soup version 0.31-a0-818-ge7c7cf74f0 (webtiles) character file.

Game seed: 10613875090499561548

125 Monkooky the Changeling (level 4, -3/37 HPs)
             Began as an Armataur Shapeshifter on Sept 23, 2023.
             Slain by a thrashing horror (4 damage)
             ... on level 1 of the Abyss.
             The game lasted 00:02:57 (1348 turns).

Monkooky the Changeling (Armataur Shapeshifter)     Turns: 1348, Time: 00:02:58

Health: -3/37      AC:  7    Str: 21    XL:     4   Next: 82%
Magic:  4/4        EV:  8    Int: 10    God:
Gold:   102        SH:  0    Dex: 10    Spells: 3/3 levels left

rFire   . . .        g - +2 sling (heavy)
rCold   . . .        (no shield)
rNeg    . . .        k - +1 scale mail
rPois   .            (helmet currently unavailable)
rElec   .            (cloak currently unavailable)
rCorr   .            (gloves currently unavailable)
SInv    .            (no barding)
Will    .....        (no amulet) Stlth
                     (no ring)
HPRegen 0.26/turn    (no ring)
MPRegen 0.09/turn

%: roll
@: beast-form
A: beast (slay +2), large, rugged brown scales 3, deformed body, armoured tail,
roll, long tongue, awkward tongue
a: Begin Untransformation


You were on level 1 of the Abyss.
You were a hulking beast.
You visited 1 branch of the dungeon, and saw 2 of its levels.
You visited the Abyss 1 time.

You collected 102 gold pieces.

Inventory:

Hand Weapons
 g - a +2 heavy sling (weapon)
Armour
 a - a +0 animal skin
 f - a +0 leather armour
 k - a +1 scale mail (worn)
Jewellery
 i - a ring of positive energy
Talismans
 c - a beast talisman (active)
 d - a flux talisman
Scrolls
 j - a scroll of torment
Potions
 b - 2 potions of enlightenment {unknown}
 m - a potion of ambrosia {unknown}
 o - a potion of lignification


   Skills:
 - Level 1.0 Fighting
 - Level 1.4 Dodging
 - Level 2.7 Unarmed Combat
 + Level 4.7 Shapeshifting


You had 3 spell levels left.
You didn't know any spells.
Your spell library contained the following spells:

 Spells                   Type           Power      Damage    Failure   Level
 Dazzling Flash           Conj/Hex       0%         N/A       97%         3
 Agony                    Necr           0%         N/A       100%        5
 Silence                  Hex/Air        0%         N/A       100%        5


Dungeon Overview and Level Annotations

Branches:
Dungeon (2/15)

Altars:


Innate Abilities, Weirdness & Mutations

You are a hulking beast.
Your limbs bulge with bestial killing power. (Slay +2)
You are completely covered in rugged brown scales. (AC +3, +7% HP)
Armour fits poorly on your strangely shaped body.
You have a long armoured tail.
You roll when moving toward enemies. (Rampage)
Your long tongue fully drains potion bottles. (2x potion effects)
Your tongue gives you trouble enunciating. (1.5x scroll delay)


Message History

Found a scroll labelled IRROJA TIWNENK and a stone.
Unknown command.
Unknown command.
Blink to where?
Press: ? - help, Dir - move target A thrashing horror comes into view.
Found a stone and a rapier.
As you slowly read the scroll labelled ROMOECH AVYNO, it crumbles to dust.
It was a scroll of blinking.
The thrashing horror roars!
As you slowly read the scroll labelled LUZUSI FIUW, it crumbles to dust.
The creatures around you are filled with an inner flame!
It was a scroll of immolation.
The thrashing horror tramples you.
You hold your ground!
The thrashing horror tramples you.
You hold your ground!
The thrashing horror tramples you!
You hold your ground!
The thrashing horror tramples you.
You hold your ground!
Unknown command.
Okay, then.
Press: ? - help, v - describe, . - travel The floor.
As you slowly read the scroll labelled IRROJA TIWNENK, it crumbles to dust.
It is a scroll of identify.
j - a scroll of torment The thrashing horror tramples you!
* * * LOW HITPOINT WARNING * * *
You stumble backwards!
Blink to where?
Press: ? - help, Dir - move target As you slowly read the scroll of blinking, it crumbles to dust.
As you slowly read the scroll labelled SEIMOCZ ADDUW, it crumbles to dust.
It is a scroll of enchant armour.
Your +0 scale mail glows green for a moment.
As you slowly read the scroll labelled PUTIM IFUUG, it crumbles to dust.
It is a scroll of amnesia.
You feel forgetful for a moment. The thrashing horror tramples you.
* * * LOW HITPOINT WARNING * * *
You hold your ground!
The thrashing horror tramples you.
* * * LOW HITPOINT WARNING * * *
You hold your ground!
The thrashing horror tramples you.
You die...

#..w....
##
#.####...#
######.#.#
###.#∩..#
........
..#.#..
.....#.#
#.#X#. #.
#h#.
##...#
####


You could see a thrashing horror (inner flame).

Vanquished Creatures
  Terence (D:2)
  3 gnolls (D:2)
  2 adders (D:2)
  4 ball pythons
  3 bats (D:1)
  12 endoplasms
  5 goblins
  7 hobgoblins
  2 quokkas (D:2)
  4 kobolds
  2 rats (D:2)
45 creatures vanquished.

Notes
Turn   | Place    | Note
-------+----------+-------------------------------------------
     0 | D:1      | Monkooky the Armataur Shapeshifter began the quest for the
                  | Orb.
     0 | D:1      | Reached XP level 1. HP: 16/16 MP: 1/1
    31 | D:1      | Reached skill level 1 in Fighting
   114 | D:1      | Reached skill level 3 in Shapeshifting
   152 | D:1      | Reached XP level 2. HP: 24/24 MP: 2/2
   429 | D:1      | Reached XP level 3. HP: 29/29 MP: 3/3
   749 | D:2      | Noticed Terence
   757 | D:2      | Killed Terence
   758 | D:2      | Reached skill level 4 in Shapeshifting
   967 | D:2      | Reached XP level 4. HP: 37/37 MP: 4/4
  1085 | D:2      | Found a faded altar of an unknown god.
  1337 | Abyss:1  | Noticed a tyrant leech
  1337 | Abyss:1  | Cast into level 1 of the Abyss (gnoll)
  1342 | Abyss:1  | Noticed a thrashing horror
  1348 | Abyss:1  | HP: 1/37 [thrashing horror (4)]
  1348 | Abyss:1  | Slain by a thrashing horror

Illustrated notes

Levels and vault maps discovered:
D:1:      minmay_arrival_doors, layout_basic, minmay_misc_feat_more_columns
D:2:      minmay_door_path, layout_loops_ring, ebering_ecumenical_altar_hall,
          uniq_terence
Abyss:1:  base: D:1, gammafunk_corrupted_shrine, hangedman_stitches_earthworm

Skill      XL: |  1  2  3 |
---------------+----------+-----
Fighting       | 1 |  1.0
Shapeshifting  | 3 4 |  4.7
Dodging        | |  1.4
Unarmed Combat | |  2.7

Action                     |  1- 3 |  4- 6 || total
---------------------------+-------+-------++-------
  Melee: Unarmed           |    19 |    15 ||    34
         Tailslap          |     2 |     2 ||     4
         Punch             |     1 |     1 ||     2
   Fire: Sling             |    57 |    15 ||    72
    Use: Potion            |     1 |       ||     1
         Scroll            |       |     6 ||     6
 Armour: Skin              |     8 |       ||     8
         Animal skin       |     3 |       ||     3
         Leather armour    |    20 |       ||    20
         Scale mail        |     1 |    24 ||    25
  Dodge: Dodged            |    20 |     8 ||    28

Table legend: (Time is in decaauts)
 A = Elapsed time spent in this place.
 B = Non-inter-level travel time spent in this place.
 C = Inter-level travel time spent in this place.
 D = Time resting spent in this place.
 E = Time spent auto-exploring this place.
 F = Levels seen in this place.
 G = Mean time per level.
                   A        B        C        D        E       F      G
               +--------+--------+--------+--------+--------+-----+--------+
         Total |   1427 |   1408 |     19 |     84 |    988 |   3 |  475.7 |
       Dungeon |   1413 |   1394 |     19 |     84 |    988 |   2 |  706.5 |
         Abyss |     14 |     14 |      0 |      0 |      0 |   1 |   14.0 |
               +--------+--------+--------+--------+--------+-----+--------+

Top non-repeatable levels by time:
     D:1: 717 daAuts
     D:2: 696 daAuts
 Abyss:1: 14 daAuts
